nht, neutral female gnomish Ranger -------- ....@H.| |...HH..# -------- ir YQ Hq nht the Trailblazer Experience level: 8 Strength: 14 Dexterity: 12 Constitution: 14 Intelligence: 16 Wisdom: 14 Charisma: 4 Health: 0(52) Energy: 33(33) Def: 4 Gold: 1363 Moves: 2684 Dungeon seed: _6631nJBaThGFdK5 Game ID: nht_1433690613 Your Inventory: Coins $ - 1363 gold pieces Amulets u - an uncursed amulet of ESP (being worn) A - an uncursed amulet of ESP Weapons a - a +1 dagger (alternate weapon; not wielded) d - 19 +0 crossbow bolts w - 53 +2 crossbow bolts (in quiver) B - a +2 crossbow (weapon in hand) E - 31 +0 crossbow bolts Armor e - an uncursed burnt +2 cloak of displacement (being worn) g - a cursed +0 pair of water walking boots h - an uncursed +1 oilskin cloak p - an uncursed +0 Hawaiian shirt y - an uncursed +0 pair of speed boots (being worn) Q - an uncursed +0 mummy wrapping X - an uncursed +0 helm of telepathy (being worn) Comestibles f - 4 uncursed cram rations o - an uncursed lichen corpse F - 3 uncursed lumps of royal jelly L - 2 uncursed sprigs of wolfsbane M - an uncursed lizard corpse R - 2 uncursed bananas W - 2 uncursed lembas wafers Wands c - a cursed wand of cancellation (0:4) m - a wand of magic missile (0:6) J - a wand of undead turning (0:7) V - a wand of enlightenment (0:13) Tools b - an uncursed sack i - a blessed oil lamp (lit) (0:1184) k - an uncursed magic whistle t - an uncursed towel v - an uncursed skeleton key U - an uncursed magic whistle Gems n - 6 uncursed worthless pieces of yellowish brown glass q - an uncursed worthless piece of black glass r - 3 uncursed worthless pieces of orange glass z - 2 uncursed fluorite stones C - 3 uncursed worthless pieces of green glass D - an uncursed jasper stone G - an uncursed agate stone H - 3 uncursed worthless pieces of violet glass K - 3 uncursed aquamarine stones N - an uncursed luckstone Y - an uncursed amber stone Contents of the sack: an uncursed scroll of blank paper an uncursed scroll of confuse monster a blessed scroll of create monster an uncursed scroll of create monster 2 blessed scrolls of destroy armor 3 uncursed scrolls of destroy armor an uncursed scroll of enchant weapon an uncursed scroll of food detection 2 uncursed scrolls of gold detection a blessed scroll of identify 2 uncursed scrolls of identify an uncursed scroll of remove curse a cursed scroll of teleportation an uncursed potion of booze an uncursed potion of invisibility 3 potions of unholy water an uncursed ring of cold resistance Spells known in the end: Name Level Category Fail Memory Your skills at the end: Fighting Skills Weapon Skills dagger [Skilled] crossbow [Expert] Spellcasting Skills Final Attributes: You were fervently aligned. You were fire resistant. You were cold resistant. You were telepathic. You had automatic searching. You had infravision. You were displaced. You were stealthy. You were very fast. You were lucky. You had extra luck. Bad luck did not time out for you. Good luck did not time out for you. You are dead. Vanquished creatures: 3 ghosts a queen bee 2 winter wolves 2 small mimics a large cat a red naga a wraith a carnivorous ape an ettin zombie a wolf 3 winter wolf cubs a leprechaun 3 giant spiders a lizard 2 chickatrices a dog a plains centaur 7 bugbears an imp 2 wood nymphs an orc shaman a rock mole a shrieker 2 gnome lords 2 kobold mummies a black naga hatchling 3 elf zombies 2 floating eyes a dwarf a homunculus 3 kobold lords a kobold shaman 3 hill orcs a rothe a giant bat 3 monkeys an orc zombie a dwarf zombie a werejackal 3 iguanas 8 killer bees an acid blob 2 coyotes a hobbit 8 hobgoblins 2 cave spiders 2 red molds 5 gnomes 2 manes 2 gnome zombies 4 geckos 12 jackals a fox 4 kobolds 7 goblins 2 sewer rats 10 grid bugs a lichen 3 kobold zombies 146 creatures vanquished. Voluntary challenges: You used a wielded weapon 149 times, starting on turn 121. You read items or engraved 8 times, starting on turn 571. You never genocided any monsters. You never polymorphed an object. You never changed form. You used no wishes. You never split a pudding. You wrote Elbereth's name 1 time, starting on turn 753. You violated your moral code, losing 5 points of alignment, starting on turn 957. You disabled loading bones files. Dungeon overview: The Dungeons of Doom: levels 1 to 20 Level 1 some fountains a long staircase Level 2 (junk) a general store, some fountains Level 3 some fountains stairs to The Gnomish Mines Level 4 Level 5 (junk) a general store Level 6 an altar to Venus, a fountain Level 7 Level 8 an armor shop, a sink Level 9 (books) Level 10 (book) an altar to Mercury Level 11 Level 12 (book) a fountain Level 13 (zoo) Level 14 a scroll shop Level 15 Level 16 a fountain Level 17 Level 18 Level 19 (trices) Level 20 <- You were here The Gnomish Mines: levels 4 to 7 Level 4 stairs to The Dungeons of Doom Level 5 Level 6 (whitecorn) many shops, a temple to Mars, some fountains, a sink Level 7 History has recorded: On T:1 you entered the Dungeons of Doom to retrieve the Amulet of Yendor! On T:161 you reached level 2 of The Dungeons of Doom. On T:318 you reached level 3 of The Dungeons of Doom. On T:423 you advanced to experience level 2. On T:469 you advanced to experience level 3. On T:480 you advanced to experience level 4. On T:516 you reached level 4 of The Dungeons of Doom. On T:591 you reached level 1 of The Gnomish Mines. On T:624 you reached level 2 of The Gnomish Mines. On T:729 you reached level 3 of The Gnomish Mines. On T:751 you reached level 4 of The Gnomish Mines. On T:754 you advanced to experience level 5. On T:856 you advanced to experience level 6. On T:1157 you reached level 5 of The Dungeons of Doom. On T:1232 you reached level 6 of The Dungeons of Doom. On T:1401 you reached level 7 of The Dungeons of Doom. On T:1416 you reached level 8 of The Dungeons of Doom. On T:1602 you reached level 9 of The Dungeons of Doom. On T:1834 you reached level 10 of The Dungeons of Doom. On T:1850 you advanced to experience level 7. On T:2043 you reached level 11 of The Dungeons of Doom. On T:2085 you reached level 12 of The Dungeons of Doom. On T:2160 you advanced to experience level 8. On T:2319 you reached level 13 of The Dungeons of Doom. On T:2347 you reached level 14 of The Dungeons of Doom. On T:2393 you reached level 15 of The Dungeons of Doom. On T:2440 you reached level 16 of The Dungeons of Doom. On T:2511 you reached level 17 of The Dungeons of Doom. On T:2514 you reached level 18 of The Dungeons of Doom. On T:2587 you reached level 19 of The Dungeons of Doom. On T:2683 you reached level 20 of The Dungeons of Doom. Score breakdown: Gold: 1363 (10663 points) Experience: 8 levels (14739 points) Exploration: 20 levels ( 40.82%) (18874 points) Discoveries: 20 items ( 6.69%) ( 7758 points) Valuables value: (no points given unless you survive) Artifact value: 0 ( 0 points) Variety of kills: 59 monsters ( 15.57%) (11836 points) Time penalty: 2684 turns ( -435 points) Survival: died (score multiplied by 80%) Total score: 50748 Latest messages: You put a scroll called gd1 into the bag. You put a scroll called pri1 into the bag. (2x) You put a potion called b/j into the bag. You put a potion of water into the bag. You put 2 uncursed scrolls of identify into the bag. You put an uncursed scroll called xxx2 into the bag. You put an uncursed potion of invisibility into the bag. You put 2 potions of unholy water into the bag. You put an uncursed ring called moon15 into the bag. You drop a velvet spellbook. You sold a velvet spellbook for 200 gold pieces. You drop a potion called bb1 (unpaid, 150 zorkmids). You drop a potion called puce2 (unpaid, 225 zorkmids). You drop a potion called sb1 (unpaid, 199 zorkmids). You drop a potion called milk15 (unpaid, 225 zorkmids). You drop a moonstone ring. A stone called luck lands on the altar. A yellowish brown gem lands on the altar. You see here a slime mold. The fire giant hits! (2x) You die... Final status: Goodbye nht the Ranger, killed by a fire giant... You died in The Dungeons of Doom on dungeon level 20 with 50748 points, and 1363 pieces of gold, after 2684 moves. You were level 8 with a maximum of 52 hit points when you died.